 Dungeon Crawl Stone Soup version 0.28-a0-1190-g77e1c55843 (webtiles) character file.

Game seed: 9486015563157070581

34 halfoni the Chopper (level 3, 0/29 HPs)
             Began as a Human Berserker on Dec 19, 2021.
             Was a Follower of Trog.
             Slain by Sigmund (7 damage)
             ... on level 2 of the Dungeon.
             The game lasted 00:01:57 (2022 turns).

halfoni the Chopper (Human Berserker)               Turns: 2022, Time: 00:01:58

Health: 0/29       AC:  3    Str: 19    XL:     3   Next: 50%
Magic:  3/3        EV: 12    Int:  7    God:    Trog [*.....]
Gold:   65         SH:  0    Dex: 12    Spells: 2/2 levels left

rFire   . . .      SeeInvis .   a - +0 hand axe
rCold   . . .      Faith    .   (no shield)
rNeg    . . .      Spirit   .   k - +0 leather armour
rPois   .          Reflect  .   (no helmet)
rElec   .          Harm     .   (no cloak)
rCorr   .          Rampage  .   (no gloves)
Will    .....                   (no boots)
Stlth   +.........              (no amulet)
HPRegen 0.09/turn               (no ring)
MPRegen 0.08/turn               (no ring)

@: confused
A: no striking features
a: Renounce Religion, Berserk


You were on level 2 of the Dungeon.
You worshipped Trog.
Trog was aware of your devotion.
You visited 1 branch of the dungeon, and saw 2 of its levels.

You collected 65 gold pieces.

Inventory:

Hand Weapons
 a - a +0 hand axe (weapon)
Armour
 k - a +0 leather armour (worn)
Jewellery
 f - a ring of protection from fire
Scrolls
 b - a scroll of fear {unknown}
 c - a scroll of identify {unknown}
 d - a scroll of enchant weapon {unknown}
 e - a scroll of holy word {unknown}
 m - a scroll of magic mapping {unknown}
Potions
 g - a potion of mutation {unknown}
 h - a potion of curing {unknown}
 i - a potion of resistance {unknown}
 j - a potion of degeneration {unknown}
 l - a potion of flight {unknown}


   Skills:
 + Level 3.3 Fighting
 + Level 3.7 Axes
 + Level 2.1 Armour
 + Level 2.2 Dodging


You had 2 spell levels left.
You didn't know any spells.
Your spell library was empty.

Dungeon Overview and Level Annotations

Branches:
Dungeon (2/15)

Altars:

Annotations:
D:2 Sigmund


Message History

You hit the dart slug.
The dart slug is moderately wounded.
The dart slug misses you.
You slash the dart slug!
The dart slug is almost dead.
The dart slug barely misses you. Sigmund misses you.
You hit the dart slug.
You kill the dart slug!
Trog accepts your kill. Sigmund closely misses you.
You see here a dart slug corpse.
You closely miss Sigmund.
Sigmund says, "Look into my eyes."
Sigmund points at you and mumbles some strange words.
You are confused.
You are too confused!
You are too confused!
You are too confused!
You are too confused!
You are too confused!
You are too confused!
You are too confused!
You are too confused!
You are too confused!
You are too confused!
You're too confused to move!
Sigmund hits you with a +0 scythe! Sigmund hits you with a +0 scythe.
* * * LOW HITPOINT WARNING * * *
You bump into the rock wall.
Sigmund closely misses you.
You are too confused!
You feel less confused.
Sigmund casts a spell.
Sigmund flickers and vanishes!
Deactivating autopickup; reactivate with Ctrl-A.
You are confused.
You bump into the rock wall.
You're too confused to move!
Something hits you!
You die...

...#.#.#.##......#.#.#
###.#.#.#.##....#.#....
#<..>.#.#.#....##.#....
#.#...#.#.#.......#....
#......................
#...#.#.#.#...........#.#
###.#.#{#.####.#......#..
. ..#.).......(........ #
.###.@................
...>.....................
#######..####.########...
##..................
#............#......
#............#......
#............#......
#....†.......######.
#............# ##


There were no monsters in sight!

Vanquished Creatures
  A worm (D:2)
  3 dart slugs (D:2)
  3 endoplasms
  A giant cockroach (D:2)
  2 goblins
  2 hobgoblins (D:1)
  2 kobolds
  2 quokkas
  2 ball pythons
  2 bats
  2 frilled lizards (D:1)
  2 rats
24 creatures vanquished.

Notes
Turn   | Place    | Note
-------+----------+-------------------------------------------
     0 | D:1      | halfoni the Human Berserker began the quest for the Orb.
     0 | D:1      | Reached XP level 1. HP: 18/18 MP: 1/1
    33 | D:1      | Found a faded altar of an unknown god.
   284 | D:1      | Reached XP level 2. HP: 21/24 MP: 2/2
  1598 | D:2      | Reached XP level 3. HP: 19/29 MP: 3/3
  1998 | D:2      | Noticed Sigmund
  2022 | D:2      | Slain by Sigmund

Illustrated notes

Levels and vault maps discovered:
D:1:      heliophobic_arrival_dark_side_of_the_moon, layout_rooms,
          basic_ecumenical_altar
D:2:      mumra_celtic_spiral_tile, layout_basic, kennysheep_generic_room_4,
          uniq_sigmund

Action                   || total
-------------------------++-------
Melee: Hand axe          ||    78
Invok: Berserk           ||     2
Armor: Animal skin       ||    13
       Leather armour    ||     2
Dodge: Dodged            ||    69

Table legend: (Time is in decaauts)
 A = Elapsed time spent in this place.
 B = Non-inter-level travel time spent in this place.
 C = Inter-level travel time spent in this place.
 D = Time resting spent in this place.
 E = Time spent auto-exploring this place.
 F = Levels seen in this place.
 G = Mean time per level.
                   A        B        C        D        E       F      G
               +--------+--------+--------+--------+--------+-----+--------+
         Total |   2049 |   2049 |      0 |    471 |   1215 |   2 | 1024.5 |
       Dungeon |   2049 |   2049 |      0 |    471 |   1215 |   2 | 1024.5 |
               +--------+--------+--------+--------+--------+-----+--------+

Top non-repeatable levels by time:
     D:2: 1032 daAuts
     D:1: 1016 daAuts
